 Dungeon Crawl Stone Soup version 0.19-a0-519-gb6a5606 (webtiles) character file.

648 Aksej the Slasher (level 7, 0/52 HPs)
             Began as a Demonspawn Fighter on June 6, 2016.
             Slain by a worker ant (4 damage)
             ... on level 4 of the Dungeon.
             The game lasted 00:06:47 (2877 turns).

Aksej the Slasher (Demonspawn Fighter)              Turns: 2877, Time: 00:06:48

Health: 0/52       AC:  3    Str: 13 (16) XL:     7   Next: 27%
Magic:  7/7        EV: 11    Int:  7 (9)  God:
Gold:   86         SH:  0    Dex: 15 (17) Spells: 0 memorised, 6 levels left

rFire  . . .     SeeInvis .     a - +1 long sword
rCold  + . .     Gourm    .     m - +0 leather armour
rNeg   . . .     Faith    .     (no shield)
rPois  .         Spirit   .     (helmet restricted)
rElec  .         Dismiss  .     (no cloak)
rCorr  .         Reflect  .     (no gloves)
SustAt .         Harm     .     (no boots)
MR     .....                    (no amulet)
Stlth  ++........               (no ring)
                                (no ring)

@: lethally poisoned (0 -> -7), not resistant to hostile enchantments,
unstealthy
A: horns 1, thin skeletal structure 2, cold resistance 1, spiny 1, weak 1, no
device heal 1
a: no special abilities


You were on level 4 of the Dungeon.
You were not hungry.

You visited 1 branch of the dungeon, and saw 4 of its levels.

You collected 86 gold pieces.

Inventory:

Hand Weapons
 a - a +1 long sword (weapon)
Missiles
 h - 4 tomahawks (quivered)
Armour
 m - a +0 leather armour (worn)
Jewellery
 i - an uncursed ring of resist corrosion {unknown}
Scrolls
 b - 2 scrolls of remove curse
 e - 3 scrolls of noise {unknown}
 k - a scroll of immolation {unknown}
 l - a scroll of enchant weapon
 o - a scroll of magic mapping {unknown}
Potions
 g - a potion of degeneration
 j - a potion of berserk rage
Comestibles
 c - 4 meat rations
 f - 3 bread rations
 n - 3 chunks of flesh


   Skills:
 + Level 3.3 Fighting
 * Level 7.2 Long Blades
 - Level 2.6 Armour
 + Level 1.1 Dodging
   Level 2.6 Shields


You had 6 spell levels left.
You didn't know any spells.

Dungeon Overview and Level Annotations

Branches:
Dungeon (4/15)
 Temple: D:4-7

Altars:
Fedhas
Qazlal
Xom
The Shining One


Innate Abilities, Weirdness & Mutations

You have a pair of small horns on your head.
You have a moderately thin skeletal structure. (Dex +4, Stealth+)
You are partially covered in sharp spines.
Your flesh is cold resistant. (rC+)
You are weak. (Str -2)
Potions and wands are less effective at restoring your health.


Message History

You are more poisoned.
The worker ant poisons you!
You see here a jackal corpse.
An adder comes into view.
* * * LOW HITPOINT WARNING * * *
You feel sick. The worker ant bites you.
* * * LOW HITPOINT WARNING * * *
It was a potion of degeneration.
There was something very wrong with that liquid.
You feel weakened.
You feel dopey.
You feel clumsy.
* * * LOW HITPOINT WARNING * * *
You feel sick.
The worker ant is struck by your spines.
The worker ant bites you.
* * * LOW HITPOINT WARNING * * *
It was a potion of mutation.
You feel extremely strange.
You feel resistant to cold.
You feel weaker.
Your system partially rejects artificial healing.
The worker ant bites you.
You die...

### #.. ..# #.# #.# #.#
##### #.# ###.##.###...#
#.# #.....ha@....# #.#
#####
...#.##.###.S.###.###...#
#.# #..†.†.......>## #.#
#.#......##..... #.#
#.#.†≈≈≈.##.#### #.#
#.##.≈.≈.##.# #.#
#.##.≈≈≈.##.#
#.###.##.....##.#
...........##.#


You could see a worker ant, an adder and a jackal.

Vanquished Creatures
  Sigmund (D:3)
  The ghost of KuKumber the Slasher, an amateur NaWr (D:3)
  2 howler monkeys (D:4)
  2 orc priests (D:3)
  A centaur skeleton (D:3)
  2 worker ants (D:4)
  Robin (D:3)
  3 adders
  A worm (D:4)
  3 dart slugs
  2 giant geckos
  13 orcs
  A ball python (D:3)
  4 bats
  A giant cockroach (D:2)
  8 goblins
  6 hobgoblins (D:3)
  11 jackals
  9 kobolds
  9 giant newts
  2 rats (D:2)
83 creatures vanquished.

Notes
Turn   | Place    | Note
--------------------------------------------------------------
     0 | D:1      | Aksej the Demonspawn Fighter began the quest for the Orb.
     0 | D:1      | Reached XP level 1. HP: 18/18 MP: 1/1
    66 | D:1      | Reached skill level 2 in Long Blades
   461 | D:1      | Gained mutation: You are partially covered in sharp spines. [demonic ancestry]
   461 | D:1      | Reached XP level 2. HP: 22/24 MP: 2/2
   689 | D:2      | Found a glowing golden altar of the Shining One.
   857 | D:2      | Reached skill level 3 in Long Blades
   860 | D:2      | Gained mutation: You have a somewhat thin skeletal structure. (Dex +2, Stealth) [demonic ancestry]
   860 | D:2      | Reached XP level 3. HP: 28/29 MP: 3/3
  1391 | D:3      | Noticed KuKumber's ghost (amateur NaWr)
  1437 | D:3      | Killed KuKumber's ghost
  1437 | D:3      | Reached skill level 5 in Long Blades
  1437 | D:3      | Gained mutation: You have a moderately thin skeletal structure. (Dex +4, Stealth+) [demonic ancestry]
  1437 | D:3      | Reached XP level 4. HP: 11/35 MP: 4/4
  1437 | D:3      | Reached XP level 5. HP: 13/41 MP: 5/5
  1555 | D:3      | Noticed Robin
  1560 | D:3      | Killed Robin
  1714 | D:3      | Noticed Sigmund
  1726 | D:3      | Killed Sigmund
  1726 | D:3      | Reached skill level 6 in Long Blades
  1726 | D:3      | Gained mutation: You have a pair of small horns on your head. [demonic ancestry]
  1726 | D:3      | Reached XP level 6. HP: 24/47 MP: 6/6
  2403 | D:3      | Found a blossoming altar of Fedhas.
  2405 | D:3      | Found a shimmering altar of Xom.
  2659 | D:4      | Found a stormy altar of Qazlal.
  2731 | D:4      | Reached XP level 7. HP: 52/52 MP: 7/7
  2818 | D:4      | Reached skill level 7 in Long Blades
  2851 | D:4      | Reached skill level 1 in Dodging
  2877 | D:4      | Gained mutation: Your flesh is cold resistant. (rC+) [potion of mutation]
  2877 | D:4      | Gained mutation: You are weak. (Str -2) [potion of mutation]
  2877 | D:4      | Gained mutation: Potions and wands are less effective at restoring your health. [potion of mutation]
  2877 | D:4      | Slain by a worker ant

Vault maps used:
D:1:      lightli_arrival_boilingwater, bh_walls_and_bars
D:2:      tso_metal_star, minmay_newt_pond
D:3:      minitemple, first_bread, uniq_sigmund, uniq_robin
D:4:      corexii_item_surrounded_by_moat, grunt_qazlal_clouds

Skill      XL: |  1  2  3  4  5  6  7 |
---------------+----------------------+-----
Long Blades    | 2 3 5 6 7 |  7.2
Dodging        | 1 |  1.1
Fighting       | |  3.3
Armour         | |  2.6
Shields        | |  2.6

Action                   |  1- 3 |  4- 6 |  7- 9 || total
-------------------------+-------+-------+-------++-------
Melee: Long sword        |    68 |    71 |    20 ||   159
       Headbutt          |       |     9 |     7 ||    16
  Use: Potion            |     4 |       |     3 ||     7
       Scroll            |     4 |       |       ||     4
 Stab: Sleeping          |       |       |     1 ||     1
  Eat: Chunk             |     2 |     4 |     1 ||     7
Armor: Chain mail        |    50 |    24 |       ||    74
       Leather armour    |       |       |     1 ||     1
Dodge: Dodged            |    26 |    25 |    11 ||    62
